[Event "*** Titled Tuesday 3|2 Blitz"]
[Site "Chess.com"]
[Date "2016.06.07"]
[Round "2"]
[White "Keranke"]
[Black "Rumpel-VK"]
[Result "1-0"]
[WhiteElo "2575"]
[BlackElo "2437"]
[TimeControl "180+2"]
[EndTime "11:26:07 PDT"]
[Termination "Keranke won on time"]

1. d4 d5 2. Bf4 e6 3. e3 Ne7 4.
c4 c6 5. Nc3 Nf5 6. Nf3 Bd6 7.
Bxd6 Qxd6 8. Bd3 O-O 9. O-O Nd7 10. e4 dxe4 11. Nxe4 Qe7 12. Re1 Nf6 13. Nxf6+ Qxf6 14. Bxf5 exf5 15. Qd2 Be6 16. b3 Rad8 17. Qa5 a6 18. Rad1 h6 19. d5 cxd5 20. cxd5 Bc8 21. Qc7 Rd7 22.
Qe5 Rfd8 23. Qxf6 gxf6 24. Rd4 b5 25. d6 Bb7 26. Red1 Bxf3 27. gxf3 Rc8 28. Kg2 Kg7 29.
Kg3 Rc2 30. R1d2 Rc5 31. Kf4 Kg6 32. Rd5 Rc6 33. Rd1 h5 34. h4 Rb6 35. Rg1+ Kh6 36.
Kxf5 Rbxd6 37. Rxd6 Rxd6 38. Rc1 Kg7 39. Rg1+ Kf8 40.
f4 Re6 41. a3 Rd6 42. Rg3 Rc6 43. b4 Rd6 44. Rc3 Kg7 45. Ke4 Kh6 46. f5 Kg7 47. f3 Kf8 48. Rc8+ Ke7 49. Rh8 Rd1 50. Ra8 Rd6 51. Ra7+ Kf8 52. Ke3 Kg7 53. Ke4 Kf8 54.
Ra8+ Ke7 55. Rc8 Rd1 56. Rc6 Rd6 57. Rc7+ Kf8 58. Ra7 Ke8 59. Ra8+ Ke7 60. Rh8 Rd1 61. Rxh5 Ra1 62. Rh8 Rxa3 63. h5 Ra4 64. Kf4 Rxb4+ 65.
Kg3 Rb1 66. Kg2 Rb2+ 67. Kg3 Rb1 68. Kg2 b4 69. h6 Rb3 70. h7 Rb2+ 71. Kg3 Rb1 72. Rb8 Rh1 73. h8=Q Rxh8 74. Rxh8 Kd6 75. Ra8 Kc5 76. Rxa6 b3 77. Ra8 Kc4 78. Kg4 1-0

[Event "*** Titled Tuesday 3|2 Blitz"]
[Site "Chess.com"]
[Date "2016.06.07"]
[Round "2"]
[White "annakantane"]
[Black "VMikhalevski"]
[Result "0-1"]
[WhiteElo "2155"]
[BlackElo "2434"]
[TimeControl "180+2"]
[EndTime "11:26:28 PDT"]
[Termination "VMikhalevski won by resignation"]

1. e4 e5 2. Nf3 Nc6 3. Bb5 a6 4.
Ba4 Nf6 5. O-O Nxe4 6. d4 b5 7.
Bb3 d5 8. dxe5 Be6 9. Nbd2 Nc5 10. c3 Be7 11. Bc2 Bg4 12. h3 Bh5 13. Re1 O-O 14. Nb3 Ne6 15. g4 Bg6 16. Bf5 Re8 17. Qd3 Qd7 18. Bd2 Rad8 19. Rad1 Qc8 20. Bc1 Qb7 21. Nfd4 Ncxd4 22. cxd4 c5 23. dxc5 Bxc5 24. Nxc5 Nxc5 25. Qf3 Ne4 26. Bf4 Qe7 27. Bxe4 Bxe4 28. Qe3 Qe6 29. f3 Bg6 30. Qd4 Rd7 31. Rc1 Rdd8 32.
Kf2 Rc8 33. Rxc8 Rxc8 34. Rc1 Re8 35. Rc5 Bb1 36. Qxd5 Qe7 37. Qd6 Qa7 38. Kg3 Bxa2 39. Qc7 Qa8 40. Qd7 Be6 41. Qc7 Bd5 42. Be3 Bxf3 43.
Bd4 Bg2 44. Rc3 Bf1 45. Rf3 Bc4 46. e6 Bxe6 47. Qe5 f6 48. Rxf6 gxf6 49. Qxf6 Qb8+ 50. Be5 Qxe5+ 51. Qxe5 Bf7 52. Qg5+ Kf8 53. Qh6+ Kg8 54. Qxa6 b4 55. Qb6 b3 56. h4 Rc8 57. h5 Re8 58. Kh4 Rc8 59. Kg5 Re8 60. Kh4 Rc8 61. Qf6 Kf8 62.
Qh8+ Bg8 63. h6 Rc7 64. Qf6+ Ke8 65. Qe5+ Re7 66. Qb8+ Kf7 67. Qxb3+ Kf8 68. Qf3+ Ke8 69. b4 Kd7 70. b5 Kd6 71. Qc6+ Ke5 72. b6 Bd5 73.
Qc3+ Kd6 74. Qb4+ Ke6 75. Kg5 Rf7 76. Qe1+ Kd6 77. Qb4+ Kc6 78. Qd4 Rf8 79. Kh4 Rf7 80. g5 Re7 81. Qf6+ Re6 82. Qd4 Re4+ 83. Qxe4 Bxe4 84.
Kg4 Bg6 85. Kf4 Kxb6 86. Kg3 Kc5 87. Kg4 Kd4 88. Kf4 Kd5 89. Kg4 Ke5 90. Kh4 Kf4 91.
Kh3 Kxg5 0-1

[Event "*** Titled Tuesday 3|2 Blitz"]
[Site "Chess.com"]
[Date "2016.06.07"]
[Round "2"]
[White "Rikikits"]
[Black "Malev212"]
[Result "1/2-1/2"]
[WhiteElo "2418"]
[BlackElo "2224"]
[TimeControl "180+2"]
[EndTime "11:27:38 PDT"]
[Termination "Game drawn - insufficient material"]

1. e4 c6 2. c4 d5 3. exd5 cxd5 4. cxd5 Nf6 5. Nc3 g6 6. Nf3 Bg7 7. Bb5+ Nbd7 8. O-O O-O 9. Re1 Nb6 10. d4 Nbxd5 11.
h3 Bd7 12. Bc4 Nxc3 13. bxc3 Rc8 14. Bb3 Rxc3 15. Ba3 Re8 16. Bb4 Rc7 17. Ne5 Be6 18.
Bxe6 fxe6 19. Nf3 Rc6 20. Rb1 Nd5 21. Bd2 Qd7 22. Qe2 Rf8 23. Qe4 Bf6 24. Bh6 Rf7 25. Qg4 Nc3 26. Rbc1 Qd5 27. Ne5 Bxe5 28. Rxe5 Qxa2 29.
Rf1 Rf5 30. h4 Rxe5 31. dxe5 Qe2 32. Qf4 Rc8 33. Qb4 Nd5 34. Qxb7 Qc4 35. Bg5 Qc6 36. Qxa7 Ra8 37. Qd4 Ra4 38. Qd1 h6 39. Bxh6 Rxh4 40. Bg5 Rh5 41. Qc1 Qxc1 42. Bxc1 Rxe5 43. Bb2 Re2 44.
Bd4 e5 45. Bc5 Kf7 46. Rd1 Ke6 47. Ra1 Rc2 48. Ra6+ Kf5 49. Ra5 e6 50. Bd6 e4 51.
Ra3 g5 52. Rh3 Rd2 53. Bb8 Nf4 54. Ra3 Nd3 55. Ra5+ e5 56. Ba7 Rd1+ 57. Kh2 Rb1 58. Be3 Rb7 59. Ra8 Rh7+ 60. Kg1 Nf4 61. Rf8+ Ke6 62. g3 Ng6 63. Ra8 g4 64. Kg2 Rb7 65. Rg8 Kf7 66. Rc8 Kf6 67. Rc4 Kf5 68. Rc6 Rb2 69. Bb6 Ne7 70. Rh6 Ng6 71. Be3 Kf6 72. Rh5 Ra2 73. Rg5 Ne7 74. Rxg4 Nd5 75. Bc5 e3 76.
Re4 Rxf2+ 77. Kh3 Re2 78. Kg4 Ke6 79. Kg5 Rc2 80. Ba7 e2 81. Bb8 Nf6 82. Rxe5+ Kf7 83.
Ba7 Ra2 84. Bf2 Ra4 85. Kf5 Ra6 86. Rxe2 Ra5+ 87. Kf4 Nd5+ 88. Kf3 Ra3+ 89. Kg2 Nf6 90. Rd2 Ne4 91. Rd4 Nxf2 92. Kxf2 Kg7 93. Kg2 Rb3 94.
Kh3 Ra3 95. Kh4 Ra5 96. g4 Rb5 97. g5 Rb1 98. Kg4 Rg1+ 99. Kf5 Rf1+ 100. Kg4 Rg1+ 101. Kf5 Rf1+ 102. Rf4 Rxf4+ 103. Kxf4 Kg6 104. Kg4 Kg7 105. Kf5 Kf7 106. Kf4 Kg7 107. Kg4 Kg6 108. Kh4 Kg7 109. Kh5 Kh7 110. g6+ Kg7 111. Kh4 Kxg6 1/2-1/2

[Event "*** Titled Tuesday 3|2 Blitz"]
[Site "Chess.com"]
[Date "2016.06.07"]
[Round "3"]
[White "hansen"]
[Black "GeorgMeier"]
[Result "1/2-1/2"]
[WhiteElo "2561"]
[BlackElo "2717"]
[TimeControl "180+2"]
[EndTime "11:30:00 PDT"]
[Termination "Game drawn by repetition"]

1. e4 e6 2. d4 d5 3. Nc3 dxe4 4. Nxe4 Nd7 5. Nf3 Ngf6 6. Bg5 h6 7. Nxf6+ Nxf6 8. Be3 Bd6 9. Bd3 O-O 10. Qd2 Nd5 11.
Bxh6 gxh6 12. Qxh6 f5 13. Qg6+ Kh8 14. Qh6+ Kg8 15.
Qg6+ Kh8 16. Qh6+ Kg8 17. Qg6+ Kh8 1/2-1/2

[Event "*** Titled Tuesday 3|2 Blitz"]
[Site "Chess.com"]
[Date "2016.06.07"]
[Round "3"]
[White "gmsakk"]
[Black "AdrianaNikolova"]
[Result "1-0"]
[WhiteElo "2548"]
[BlackElo "2314"]
[TimeControl "180+2"]
[EndTime "11:31:29 PDT"]
[Termination "gmsakk won by resignation"]

1. d4 d5 2. c4 c6 3. Nf3 Nf6 4. Qc2 dxc4 5. Qxc4 Bf5 6. g3 e6 7. Bg2 Nbd7 8. O-O Be7 9. Nc3 O-O 10. e3 Ne4 11.
Nd2 Nxc3 12. bxc3 Rc8 13. e4 Bg6 14. Qb3 Qb6 15. Nc4 Qxb3 16. axb3 a6 17. b4 f6 18. Bf4 Bf7 19. Bd6 Bxd6 20. Nxd6 Rc7 21. f4 Nb6 22. c4 Rd8 23. c5 Nc8 24. e5 Nxd6 25. exd6 Rcd7 26. Rfe1 Re8 27. Ra3 h5 28. Rae3 f5 29. Bf1 b5 30. Ra3 Ra8 31. Bg2 Rc8 32. Rxa6 1-0

[Event "*** Titled Tuesday 3|2 Blitz"]
[Site "Chess.com"]
[Date "2016.06.07"]
[Round "3"]
[White "KamilPlichta"]
[Black "Yaacovn"]
[Result "0-1"]
[WhiteElo "2356"]
[BlackElo "2634"]
[TimeControl "180+2"]
[EndTime "11:32:07 PDT"]
[Termination "Yaacovn won by resignation"]

1. g3 c6 2. Bg2 d5 3. Nf3 g6 4.
O-O Bg7 5. d3 Nf6 6. Nbd2 O-O 7.
e4 Bg4 8. Qe1 Bxf3 9. Nxf3 e6 10. e5 Nfd7 11. h4 c5 12. h5 Nc6 13. h6 Bxe5 14. Nxe5 Ndxe5 15. Qe3 Qf6 16. Qxc5 Nd4 17. f4 Rfc8 18. fxe5 Qxf1+ 19. Bxf1 Rxc5 20. Be3 Nxc2 21. Rc1 Rc7 22. Bg5 Rac8 23. Rd1 Nd4 24. Bf6 Rc1 0-1

[Event "*** Titled Tuesday 3|2 Blitz"]
[Site "Chess.com"]
[Date "2016.06.07"]
[Round "3"]
[White "Durarbayli"]
[Black "1stSecond"]
[Result "0-1"]
[WhiteElo "2335"]
[BlackElo "2565"]
[TimeControl "180+2"]
[EndTime "11:32:07 PDT"]
[Termination "1stSecond won by resignation"]

1. e4 c5 2. Nf3 e6 3. d4 cxd4 4. Nxd4 Nc6 5. Nc3 Qc7 6. Be2 a6 7. Be3 Nf6 8. f4 d6 9. Qd2 Be7 10. g4 b5 11. g5 Nd7 12. f5 Nde5 13. fxe6 fxe6 14. O-O-O Bd7 15. Nxc6 Bxc6 16. Bd4 b4 17. Nd5 exd5 18. exd5 Ba4 19. b3 Bb5 20. Bxe5 Bxe2 21. Bxg7 Bxd1 22. Re1 Qxc2+ 23. Qxc2 Bxc2 24. Bxh8 Bg6 25. Bf6 Rc8+ 26. Kd1 Rc7 27. Re6 Bf7 28. Re4 a5 29.
Rh4 Bxf6 30. gxf6 Bxd5 0-1

[Event "*** Titled Tuesday 3|2 Blitz"]
[Site "Chess.com"]
[Date "2016.06.07"]
[Round "3"]
[White "ChessMavenYeti"]
[Black "Zazuliak"]
[Result "1/2-1/2"]
[WhiteElo "2142"]
[BlackElo "2348"]
[TimeControl "180+2"]
[EndTime "11:32:22 PDT"]
[Termination "Game drawn by repetition"]

1. d4 Nf6 2. c4 g6 3. Nc3 Bg7 4. e4 d6 5. Nf3 O-O 6. Be2 Na6 7. O-O e5 8. Be3 Ng4 9. Bg5 Qe8 10.
dxe5 Nxe5 11. Nxe5 dxe5 12. c5 f6 13. Bxa6 fxg5 14. Bc4+ Be6 15. Qb3 Bxc4 16. Qxc4+ Qf7 17. Qxf7+ Rxf7 18. Rfd1 Bf8 19. Rd5 Re8 20. b4 c6 21. Rd3 g4 22. Rad1 h5 23. Rd7 Kg7 24. Kf1 Kf6 25. Ke2 Ke6 26. Rxf7 Kxf7 27. Rd7+ Re7 28.
Rd8 Re8 29. Rd7+ Re7 30. Rd8 Re8 31. Rd7+ 1/2-1/2

[Event "*** Titled Tuesday 3|2 Blitz"]
[Site "Chess.com"]
[Date "2016.06.07"]
[Round "3"]
[White "Bigfish1995"]
[Black "mwpchess"]
[Result "1-0"]
[WhiteElo "2604"]
[BlackElo "2351"]
[TimeControl "180+2"]
[EndTime "11:32:30 PDT"]
[Termination "Bigfish1995 won by resignation"]

1. Nf3 d5 2. g3 Nf6 3. Bg2 e6 4.
O-O c5 5. c4 d4 6. b4 a5 7.
bxc5 Bxc5 8. Ba3 Bxa3 9. Qa4+ Nc6 10. Qxa3 Qe7 11. d3 Qxa3 12. Nxa3 e5 13. Rfb1 Nd7 14. Nb5 Ke7 15. Nc7 Ra7 16. Nd5+ Ke8 17. Ng5 h6 18.
Ne4 Nf6 19. Nd6+ Kd7 20. Nxf7 Rh7 21. Nb6+ Kc7 22. Nxc8 Kxc8 23. Nd6+ Kc7 24. Nb5+ 1-0

[Event "*** Titled Tuesday 3|2 Blitz"]
[Site "Chess.com"]
[Date "2016.06.07"]
[Round "3"]
[White "Iuri_Shkuro"]
[Black "Bentery"]
[Result "1/2-1/2"]
[WhiteElo "2397"]
[BlackElo "2441"]
[TimeControl "180+2"]
[EndTime "11:32:35 PDT"]
[Termination "Game drawn by agreement"]

1. e4 e6 2. Nf3 d5 3. e5 c5 4. b4 d4 5. bxc5 Bxc5 6. Bd3 Ne7 7. O-O Nbc6 8. Na3 Ng6 9. Re1 a6 10. Nc4 b5 11. Nd6+ Bxd6 12. exd6 Qxd6 13. a4 b4 14. a5 Bb7 15. Bb2 O-O 16. c3 dxc3 17. dxc3 Rad8 18. Be4 Qxd1 19. Rexd1 Rxd1+ 20. Rxd1 Rd8 21. Rxd8+ Nxd8 22. Bxg6 hxg6 23. cxb4 Nc6 24. Bc3 f6 25. Nd4 Nxd4 26.
Bxd4 e5 1/2-1/2

[Event "*** Titled Tuesday 3|2 Blitz"]
[Site "Chess.com"]
[Date "2016.06.07"]
[Round "3"]
[White "GianmarcoVaR"]
[Black "NewBornNow"]
[Result "0-1"]
[WhiteElo "2336"]
[BlackElo "2552"]
[TimeControl "180+2"]
[EndTime "11:32:38 PDT"]
[Termination "NewBornNow won by resignation"]

1. d4 Nf6 2. c4 e6 3. g3 c5 4.
d5 exd5 5. cxd5 d6 6. Nc3 g6 7. Nf3 Bg7 8. Bg2 O-O 9. O-O Re8 10.
Bf4 Ne4 11. Nxe4 Rxe4 12. Nd2 Rxf4 13. gxf4 Bxb2 14. Rb1 Bg7 15. Nc4 Na6 16. e4 Nb4 17. a3 Na2 18. Qc2 Nc3 19. Rb3 b5 20. Nd2 Ne2+ 21.
Kh1 Nd4 22. Qb1 Nxb3 23. Qxb3 Rb8 24. Rc1 Bh6 25. Qg3 Qf6 26. e5 Qxf4 27. Qxf4 Bxf4 28.
Rc2 Bxe5 29. Nb3 Bf5 30. Re2 b4 31. axb4 Rxb4 32. Nd2 Rb2 33. Bf3 Bd3 34. Rxe5 dxe5 35. Ne4 Bxe4 36. Bxe4 Rd2 0-1

[Event "*** Titled Tuesday 3|2 Blitz"]
[Site "Chess.com"]
[Date "2016.06.07"]
[Round "3"]
[White "Keaton87"]
[Black "JSPrepz"]
[Result "0-1"]
[WhiteElo "2470"]
[BlackElo "2400"]
[TimeControl "180+2"]
[EndTime "11:32:42 PDT"]
[Termination "JSPrepz won by resignation"]

1. d4 Nf6 2. Bg5 e6 3. e3 d5 4. Nd2 c5 5. c3 Nc6 6. Bd3 Be7 7.
Ngf3 h6 8. Bh4 O-O 9. O-O Bd7 10.
Qe2 a6 11. dxc5 Bxc5 12. e4 dxe4 13. Nxe4 Be7 14. Rad1 Nxe4 15. Qxe4 f5 16. Bxe7 Qxe7 17. Qe2 e5 18. Rfe1 Rae8 19. Bc4+ Kh8 20. Bd5 e4 21.
Nd4 Ne5 22. Qh5 Qf6 23. h3 Nd3 24. Re3 Nf4 25. Qxe8 Rxe8 26. Bxb7 Rb8 0-1

[Event "*** Titled Tuesday 3|2 Blitz"]
[Site "Chess.com"]
[Date "2016.06.07"]
[Round "3"]
[White "AleksandrKholin"]
[Black "jup1978"]
[Result "0-1"]
[WhiteElo "2121"]
[BlackElo "2209"]
[TimeControl "180+2"]
[EndTime "11:32:43 PDT"]
[Termination "jup1978 won by resignation"]

1. d4 d5 2. Nf3 Nf6 3. g3 c6 4.
Bg2 Bg4 5. O-O Nbd7 6. b3 e6 7. Bb2 Bd6 8. Nbd2 Bxf3 9. Nxf3 Qe7 10. a4 O-O 11. a5 a6 12. e3 e5 13. dxe5 Nxe5 14.
Nd4 g6 15. Re1 Rfe8 16. h3 Rad8 17. Qc1 Ne4 18. Nf3 Nxf3+ 19. Bxf3 Be5 20. c4 Qf6 21. Bxe5 Qxf3 22. Qb2 Rxe5 0-1

[Event "*** Titled Tuesday 3|2 Blitz"]
[Site "Chess.com"]
[Date "2016.06.07"]
[Round "3"]
[White "Cruel_Yaro"]
[Black "kikydu96"]
[Result "1-0"]
[WhiteElo "2549"]
[BlackElo "2359"]
[TimeControl "180+2"]
[EndTime "11:33:20 PDT"]
[Termination "Cruel_Yaro won by resignation"]

1. d4 d5 2. c4 c6 3. Nf3 Nf6 4. Nc3 dxc4 5. a4 Bf5 6. e3 e6 7. Bxc4 Bb4 8. O-O Nbd7 9. Qe2 Bg6 10. e4 O-O 11. Bd3 Bh5 12. e5 Nd5 13. Nxd5 cxd5 14. Qe3 Re8 15. Ng5 Bg6 16. Bxg6 fxg6 17. a5 Rc8 18. a6 b5 19. Bd2 Qe7 20. Rac1 Bxd2 21. Qxd2 h6 22. Nh3 Nb6 23. Nf4 g5 24. Nd3 Nc4 25. Qe2 Rc7 26. b3 Na5 27. Rxc7 Qxc7 28.
Nc5 Nc6 29. Qxb5 Rb8 30. Qd3 Nxe5 31. Qe3 Ng4 32. Qxe6+ Kh8 33. Qxg4 1-0

[Event "*** Titled Tuesday 3|2 Blitz"]
[Site "Chess.com"]
[Date "2016.06.07"]
[Round "3"]
[White "Aguiar94"]
[Black "Alexander_Moskalenko"]
[Result "0-1"]
[WhiteElo "2350"]
[BlackElo "2654"]
[TimeControl "180+2"]
[EndTime "11:33:26 PDT"]
[Termination "Alexander_Moskalenko won by resignation"]

1. e4 c5 2. Nf3 d6 3. d4 cxd4 4. Nxd4 Nf6 5. Nc3 g6 6. Be3 Bg7 7. f3 Nc6 8. Qd2 O-O 9. O-O-O d5 10. exd5 Nxd5 11. Nxc6 bxc6 12. Nxd5 cxd5 13. Qxd5 Qc7 14. Qc5 Qb7 15. b3 Bf5 16. Bd3 Rac8 17. Qa5 Rc3 18. Bxf5 Rxe3 19. Be4 Qb8 20. g3 Qc8 21. g4 Qb8 22. g5 Qf4 23. Kb1 f5 24. Bc6 Qxg5 25. Rd8 Bc3 26. Rxf8+ Kxf8 27. Qxa7 Qg2 28. Rd1 Qd2 0-1

[Event "*** Titled Tuesday 3|2 Blitz"]
[Site "Chess.com"]
[Date "2016.06.07"]
[Round "3"]
[White "Fandorine"]
[Black "Elshan1985"]
[Result "0-1"]
[WhiteElo "2576"]
[BlackElo "2608"]
[TimeControl "180+2"]
[EndTime "11:33:39 PDT"]
[Termination "Elshan1985 won by resignation"]

1. e4 e5 2. Nf3 Nc6 3. d4 exd4 4. Nxd4 Bb4+ 5. c3 Bc5 6. Be3 Bb6 7. Nf5 g6 8. Bxb6 axb6 9. Ne3 Nf6 10. f3 O-O 11. c4 d5 12. cxd5 Nxe4 13. fxe4 Qh4+ 14. Kd2 Qxe4 15. Bd3 Qd4 16. dxc6 Qxb2+ 17. Nc2 Rd8 18. Qc1 Qe5 19. Nc3 Bf5 20. Nb4 Rxd3+ 21. Nxd3 Rd8 22. Kc2 Rxd3 23. Kb2 Qd4 24. a3 Rd2+ 0-1

[Event "*** Titled Tuesday 3|2 Blitz"]
[Site "Chess.com"]
[Date "2016.06.07"]
[Round "3"]
[White "Journey_to_GrandMaster_YT"]
[Black "MateusViageiro"]
[Result "1-0"]
[WhiteElo "2347"]
[BlackElo "2293"]
[TimeControl "180+2"]
[EndTime "11:34:09 PDT"]
[Termination "Journey_to_GrandMaster_YT won by resignation"]

1. d4 Nf6 2. c4 e6 3. Nc3 Bb4 4. e3 O-O 5. Ne2 b6 6. a3 Bxc3+ 7. Nxc3 d5 8. cxd5 Nxd5 9. Be2 Bb7 10. Bf3 Nxc3 11.
bxc3 Bxf3 12. Qxf3 Nd7 13. O-O c5 14. e4 Rc8 15. Be3 Re8 16. e5 cxd4 17. cxd4 b5 18. Qg3 Nf8 19. h4 Ng6 20. h5 Ne7 21. Qf4 Nd5 22.
Qg4 Nxe3 23. fxe3 Rc3 24. Rf3 Qe7 25. Raf1 Rf8 26. Rg3 g6 27. Rf6 Kg7 28. hxg6 fxg6 29. Rxg6+ Kf7 30. Rg7+ Ke8 31. Rxe7+ Kxe7 32. Qh4+ Ke8 33.
Rg7 1-0

[Event "*** Titled Tuesday 3|2 Blitz"]
[Site "Chess.com"]
[Date "2016.06.07"]
[Round "3"]
[White "Andrejkin"]
[Black "SmarterChess"]
[Result "0-1"]
[WhiteElo "2159"]
[BlackElo "2160"]
[TimeControl "180+2"]
[EndTime "11:34:12 PDT"]
[Termination "SmarterChess won by resignation"]

1. e4 c6 2. d4 d5 3. Nc3 a6 4.
exd5 cxd5 5. Nf3 Nc6 6. Be3 Nf6 7. Bd3 Bg4 8. h3 Bh5 9. g4 Bg6 10. g5 Ne4 11. Bxe4 dxe4 12. Nh4 Qa5 13. Nxg6 hxg6 14.
h4 e6 15. h5 Bb4 16. Qd2 Ne7 17. h6 Nd5 18. O-O gxh6 19. a3 Bxc3 20. bxc3 hxg5 21. Bxg5 Qxc3 22. Qe2 Qh3 0-1

[Event "*** Titled Tuesday 3|2 Blitz"]
[Site "Chess.com"]
[Date "2016.06.07"]
[Round "3"]
[White "ItalianMachine"]
[Black "aspired"]
[Result "0-1"]
[WhiteElo "2317"]
[BlackElo "2518"]
[TimeControl "180+2"]
[EndTime "11:34:15 PDT"]
[Termination "aspired won by resignation"]

1. e4 e5 2. Nf3 d6 3. c3 Nf6 4. Bd3 g6 5. O-O Bg7 6. Bc2 O-O 7.
d4 Nc6 8. Nbd2 h6 9. Nc4 exd4 10. cxd4 d5 11. exd5 Nxd5 12. h3 Nde7 13. Ne3 Nxd4 14. Nxd4 Qxd4 15. Qxd4 Bxd4 16. Nc4 h5 17. Bf4 Be6 18. Na5 Nd5 19. Bg3 b6 20. Nc6 Bxb2 21. Rad1 Nf6 22. Bxc7 Rac8 23. Ne7+ Kg7 24. Nxc8 Rxc8 25.
Bf4 Rxc2 26. Rd2 Rxd2 27. Bxd2 Bxa2 28. Re1 Be6 29. f3 Bd4+ 30. Kh2 a5 31. f4 a4 32. Bb4 Nd5 33. Bd6 b5 34. Rb1 Nc3 35. Rb4 Bf6 36.
Kg3 Bc4 37. Kf3 Nd5 38. Rb1 Nc3 39. Rb4 a3 0-1

[Event "*** Titled Tuesday 3|2 Blitz"]
[Site "Chess.com"]
[Date "2016.06.07"]
[Round "3"]
[White "E-Shaposhnikov"]
[Black "Noukii"]
[Result "1-0"]
[WhiteElo "2560"]
[BlackElo "2648"]
[TimeControl "180+2"]
[EndTime "11:34:21 PDT"]
[Termination "E-Shaposhnikov won by resignation"]

1. e4 Nf6 2. e5 Nd5 3. Nf3 d6 4. d4 g6 5. c4 Nb6 6. exd6 cxd6 7. Be2 Bg7 8. O-O O-O 9. Nc3 Nc6 10. Be3 Bg4 11.
b3 d5 12. c5 Nc8 13. h3 Bxf3 14. Bxf3 e6 15. b4 a6 16. Rb1 N8e7 17. b5 Na5 18. bxa6 bxa6 19. Bg4 h5 20. Be2 Nf5 21. Qa4 Qc7 22.
Bd3 Rfb8 23. Bxf5 gxf5 24. Rxb8+ Rxb8 25. Ne2 Rb2 26. Nf4 h4 27. Qe8+ Bf8 28. Nd3 Rb8 29. Qa4 Rb5 30. Qd1 Nc4 31. Bf4 Qe7 32. Qh5 Qf6 33. Ne5 Bg7 34. a4 Rb4 35. Bg5 1-0

[Event "*** Titled Tuesday 3|2 Blitz"]
[Site "Chess.com"]
[Date "2016.06.07"]
[Round "3"]
[White "northridgehawk"]
[Black "Grootneus"]
[Result "0-1"]
[WhiteElo "1906"]
[BlackElo "2065"]
[TimeControl "180+2"]
[EndTime "11:34:23 PDT"]
[Termination "Grootneus won by resignation"]

1. e4 c5 2. Nf3 Nc6 3. d4 cxd4 4.
c3 Nf6 5. e5 Nd5 6. Bc4 e6 7.
O-O Be7 8. cxd4 d6 9. Qe2 O-O 10. Rd1 Qb6 11. Nc3 Nxc3 12. bxc3 dxe5 13. dxe5 Qa5 14.
Bf4 b6 15. Bd3 Bb7 16. Be4 Rad8 17. Qc4 Qc5 18. Qe2 Na5 19. Ng5 Bxe4 20. Nxe4 Qc4 21.
Qf3 Nc6 22. Nd6 Bxd6 23. exd6 e5 24. Bg3 f6 25. a4 Na5 26. Rab1 Qc6 27. Qd3 Nc4 28.
d7 Rf7 29. Qf5 Rfxd7 30. Re1 Rd2 31. h4 Nd6 32. Qe6+ Kh8 33. h5 Qd7 34. Qg4 Qxg4 0-1

[Event "*** Titled Tuesday 3|2 Blitz"]
[Site "Chess.com"]
[Date "2016.06.07"]
[Round "3"]
[White "ChessWarrior7197"]
[Black "gmcorrales"]
[Result "1-0"]
[WhiteElo "2527"]
[BlackElo "2530"]
[TimeControl "180+2"]
[EndTime "11:34:43 PDT"]
[Termination "ChessWarrior7197 won on time"]

1. d4 c6 2. Bf4 d6 3. Nd2 Nf6 4.
e4 g6 5. Ngf3 Bg7 6. Bc4 O-O 7.
O-O b5 8. Bd3 a5 9. h3 a4 10. c3 Na6 11. b3 axb3 12. axb3 Rb8 13. e5 Nd5 14. Bh2 Nxc3 15. Qc2 Nd5 16. exd6 exd6 17.
Qxc6 Nab4 18. Qxd6 Rb6 19. Qxd8 Rxd8 20. Be4 Re6 21.
Ra8 Ree8 22. Be5 f6 23. Bh2 Nc3 24. Bc7 Rd7 25. Ba5 Nxe4 26. Bxb4 Nxd2 27. Bxd2 Bf8 28. Rc1 Rdd8 29. Ba5 Bh6 30. Bxd8 Bb7 31. Rcc8 Bf4 32.
Bc7 1-0

[Event "*** Titled Tuesday 3|2 Blitz"]
[Site "Chess.com"]
[Date "2016.06.07"]
[Round "3"]
[White "VSERGUEI"]
[Black "Rikikits"]
[Result "0-1"]
[WhiteElo "2485"]
[BlackElo "2428"]
[TimeControl "180+2"]
[EndTime "11:34:45 PDT"]
[Termination "Rikikits won on time"]

1. d4 Nf6 2. c4 g6 3. Nc3 Bg7 4. e4 O-O 5. Be2 d6 6. Nf3 e5 7. Be3 exd4 8. Nxd4 Re8 9. f3 Nc6 10. O-O Nh5 11. Qd2 f5 12. Nxc6 bxc6 13. exf5 Qh4 14.
Bf2 Qf4 15. Rad1 Qxd2 16. Rxd2 Nf4 17. f6 Bxf6 18. Ne4 Bg7 19. Bg3 Nxe2+ 20. Rxe2 Ba6 21.
b3 d5 22. Bxc7 dxe4 23. fxe4 Bd4+ 24. Kh1 Re7 25. Bd6 Re6 26. e5 Rae8 27. Rfe1 c5 28. h3 g5 29. Kh2 Kg7 30. Rd1 Bb7 31. b4 Rxd6 32. exd6 Rxe2 33. d7 Rxg2+ 0-1

[Event "*** Titled Tuesday 3|2 Blitz"]
[Site "Chess.com"]
[Date "2016.06.07"]
[Round "3"]
[White "VMikhalevski"]
[Black "Semetey"]
[Result "0-1"]
[WhiteElo "2419"]
[BlackElo "2455"]
[TimeControl "180+2"]
[EndTime "11:34:52 PDT"]
[Termination "Semetey won by resignation"]

1. Nf3 d5 2. g3 Nf6 3. Bg2 c6 4. O-O Bg4 5. d3 Nbd7 6. h3 Bh5 7. c4 e6 8. cxd5 cxd5 9. Nc3 Be7 10. e4 O-O 11.
exd5 Nxd5 12. Nxd5 exd5 13. Be3 Nc5 14. Rc1 Rc8 15.
Qd2 Bxf3 16. Bxf3 d4 17. Bf4 g5 18. Be5 f6 19. b4 fxe5 20. bxc5 Rxf3 21. Qe2 Qd5 22.
Rfe1 Rxc5 23. Rxc5 Bxc5 24. Qxe5 Qxe5 25. Rxe5 b6 26.
Rxg5+ Kf7 27. Rd5 a5 28. Rd7+ Kg6 29. Kg2 Rxd3 30. Rd5 Ra3 31. g4 Rxa2 32. h4 h6 33.
h5+ Kf6 34. Rf5+ Kg7 35. Rd5 d3 36. Rxd3 Rxf2+ 37. Kg3 Rf7 38. Rd8 Ra7 39. g5 hxg5 40. Kg4 a4 41. Kf5 a3 42. Rd2 a2 43. h6+ Kh7 44.
Kf6 a1=Q+ 0-1

[Event "*** Titled Tuesday 3|2 Blitz"]
[Site "Chess.com"]
[Date "2016.06.07"]
[Round "3"]
[White "Dlugy"]
[Black "kpio91"]
[Result "1/2-1/2"]
[WhiteElo "2599"]
[BlackElo "2522"]
[TimeControl "180+2"]
[EndTime "11:35:02 PDT"]
[Termination "Game drawn by agreement"]

1. d4 g6 2. e4 Bg7 3. c4 d6 4.
Nc3 e5 5. Nge2 exd4 6. Nxd4 Ne7 7. Be2 Nbc6 8. Be3 O-O 9. O-O f5 10. Nxc6 Nxc6 11. exf5 Bxf5 12. Qd2 Qd7 13. Nd5 Rae8 14. Rad1 Ne5 15. b3 Kh8 16. Bd4 c5 17. Bc3 Nc6 18. Bxg7+ Qxg7 19. Ne3 Nd4 20. Bd3 Bd7 21. Nc2 Bc6 22. Nxd4 Qxd4 23. Be2 Qxd2 24. Rxd2 Rf6 25. Rfd1 Kg7 26. Kf1 Rd8 27. Rd3 Kf7 28. h4 h6 29.
f3 a5 30. Kf2 Ke7 31. Re3+ Re6 32. Rxe6+ Kxe6 33. Bd3 Kf6 34. Be4 Bxe4 35. fxe4 Ke6 36. Ke3 a4 37. Rb1 axb3 38. Rxb3 Ra8 39. Rxb7 Rxa2 40.
Rh7 Rxg2 41. Rxh6 Ke5 42. h5 gxh5 43. Rxh5+ Ke6 1/2-1/2

[Event "*** Titled Tuesday 3|2 Blitz"]
[Site "Chess.com"]
[Date "2016.06.07"]
[Round "3"]
[White "talaicito"]
[Black "SloLev"]
[Result "0-1"]
[WhiteElo "1971"]
[BlackElo "2088"]
[TimeControl "180+2"]
[EndTime "11:35:21 PDT"]
[Termination "SloLev won by resignation"]

1. e4 e5 2. Nf3 Nc6 3. Bb5 Nge7 4. c3 g6 5. d4 exd4 6. cxd4 d5 7. exd5 Nxd5 8. O-O Bg7 9. Re1+ Be6 10. Ng5 O-O 11. Bxc6 bxc6 12. Nxe6 fxe6 13. Nc3 Qh4 14. Be3 Nxe3 15.
fxe3 Qf2+ 16. Kh1 Qxb2 17. Qc1 Rab8 18. Rb1 Qxc1 19. Rexc1 c5 20. Nb5 c6 21. Nxa7 Rxb1 22. Rxb1 cxd4 23. exd4 Bxd4 24. Nxc6 Bc5 25. a4 Rf2 26.
Ra1 Rc2 27. a5 Bd6 28. Nd4 Rc4 29. a6 Bc5 30. Nxe6 Ba7 31. h3 Kf7 32. Ng5+ Kg7 33. Kh2 h5 34. Nf3 Bb8+ 35. Kg1 Ba7+ 36. Kf1 Rc2 37. Ne1 Rf2+ 0-1

[Event "*** Titled Tuesday 3|2 Blitz"]
[Site "Chess.com"]
[Date "2016.06.07"]
[Round "3"]
[White "Blitzstream"]
[Black "OldweakGM"]
[Result "0-1"]
[WhiteElo "2509"]
[BlackElo "2613"]
[TimeControl "180+2"]
[EndTime "11:35:49 PDT"]
[Termination "OldweakGM won by checkmate"]

1. d4 Nf6 2. Bg5 d5 3. Bxf6 exf6 4. e3 Bd6 5. Nf3 O-O 6. c4 dxc4 7. Bxc4 f5 8. O-O Nd7 9. Nc3 Nf6 10. Rc1 c6 11. d5 c5 12. Qc2 a6 13. a4 Re8 14.
Rfd1 Bd7 15. Bf1 f4 16. e4 Bg4 17. Be2 Bxf3 18. Bxf3 Nd7 19. Nb1 Ne5 20. Nd2 b5 21. Be2 Qb6 22. Nf3 c4 23. Qd2 Ng4 24. Nd4 Ne5 25.
a5 Qa7 26. b3 cxb3 27. Nf5 Ba3 28. Rb1 f3 29. Bxf3 g6 30. Qh6 gxf5 31. Qg5+ Ng6 32.
exf5 Qe7 33. Qg4 Rac8 34. fxg6 hxg6 35. h4 Rc4 36. d6 Bxd6 37. Rd4 Qe1+ 38. Rxe1 Rxe1# 0-1